 Dungeon Crawl Stone Soup version 0.28.0-53-g5a82cb258f (webtiles) character file.

Game seed: 15963926950439887089

4 PentaManta the Insei (level 1, 0/15 HPs)
             Began as a Merfolk Transmuter on June 6, 2022.
             Slain by a frilled lizard (2 damage)
             ... on level 1 of the Dungeon.
             The game lasted 00:00:48 (238 turns).

PentaManta the Insei (Merfolk Transmuter)            Turns: 238, Time: 00:00:49

Health: 0/15       AC:  2    Str: 10    XL:     1   Next: 60%
Magic:  2/3        EV: 12    Int: 12    God:
Gold:   0          SH:  0    Dex: 14    Spells: 3/4 levels left

rFire   . . .      SeeInvis .     - Unarmed
rCold   . . .      Faith    .   (no shield)
rNeg    . . .      Spirit   .   a - +0 robe
rPois   .          Reflect  .   (helmet currently unavailable)
rElec   .          Harm     .   (no cloak)
rCorr   .          Rampage  .   (no gloves)
Will    .....                   (boots currently unavailable)
Stlth   +.........              (no amulet)
HPRegen 0.05/turn               (no ring)
MPRegen 0.08/turn               (no ring)

@: appendages (expiring)
A: horns 2, (nimble swimmer 2), mertail
a: End Transformation


You were on level 1 of the Dungeon.
You had temporarily grown beastly horns.
You visited 1 branch of the dungeon, and saw 1 of its levels.

Inventory:

Armour
 a - a +0 robe (worn)
Scrolls
 b - a scroll of immolation {unknown}


   Skills:
 + Level 1.2 Fighting
 + Level 2.8 Dodging
 + Level 3.3 Unarmed Combat
 + Level 2.0 Spellcasting
 + Level 2.8 Transmutations


You had 3 spell levels left.
You knew the following spells:

 Your Spells              Type           Power      Damage    Failure   Level
a - Beastly Appendage     Tmut           16%        N/A       9%          1

Your spell library contained the following spells:

 Spells                   Type           Power      Damage    Failure   Level
 Wereblood                Tmut           8%         N/A       13%         2
 Spider Form              Tmut/Pois      4%         N/A       41%         3
 Ice Form                 Ice/Tmut       4%         N/A       83%         4


Dungeon Overview and Level Annotations

Branches:
Dungeon (1/15)

Altars:


Innate Abilities, Weirdness & Mutations

You have temporarily grown beastly horns.
((You are very nimble when in or above water. (Stealth+, EV+, Speed+++)))
Your lower body shifts to a powerful aquatic tail in water.


Message History

Unknown command.
You closely miss the goblin.
The goblin is severely wounded.
The goblin hits you with a +0 dagger.
* * * LOW HITPOINT WARNING * * *
You closely miss the goblin.
The goblin is severely wounded.
Your horns disappear.
The goblin barely misses you. The goblin hits you with a +0 dagger.
* * * LOW HITPOINT WARNING * * *
A hobgoblin comes into view.
The hobgoblin shouts!
The goblin closely misses you.
You are too injured to fight recklessly!
Casting: Beastly Appendage (safe; 9% risk of failure)
Confirm with . or Enter, or press ? or * to list all spells.
You grow a pair of large bovine horns.
The goblin hits you with a +0 dagger.
* * * LOW HITPOINT WARNING * * *
You closely miss the goblin.
The goblin is severely wounded.
The goblin hits you with a +0 dagger.
* * * LOW HITPOINT WARNING * * *
You hit the goblin but do no damage.
The goblin is severely wounded.
The goblin completely misses you.
You barely miss the goblin. You headbutt the goblin.
You kill the goblin!
You hit the hobgoblin but do no damage. You headbutt the hobgoblin.
The hobgoblin is heavily wounded.
The hobgoblin misses you.
You hit the hobgoblin but do no damage.
The hobgoblin is heavily wounded.
The hobgoblin barely misses you.
You hit the hobgoblin.
You kill the hobgoblin!
You hit the frilled lizard but do no damage.
Your transformation is almost over.
The frilled lizard bites you.
You die...

...###....# .........#
#†....#..#.###
#........#... ####
#...#.#..#.#
.....######...#......###
........................
......#l###.####.#...#..
..... #@###.###...?.....
.... ###.....##.#......
#.g #'.......+##......
.. ##.........###..... #
##...........##.#...
#.............#.#.##
#.............#.. .
#......<......#.# .
#.......).....#.# .


You could see a frilled lizard.

Vanquished Creatures
  A goblin (D:1)
  A hobgoblin (D:1)
  A quokka (D:1)
3 creatures vanquished.

Notes
Turn   | Place    | Note
-------+----------+-------------------------------------------
     0 | D:1      | PentaManta the Merfolk Transmuter began the quest for the
                  | Orb.
     0 | D:1      | Reached XP level 1. HP: 15/15 MP: 3/3
   238 | D:1      | Slain by a frilled lizard

Illustrated notes

Levels and vault maps discovered:
D:1:      lemuel_arrival_rhombus, layout_basic

Action                   || total
-------------------------++-------
Melee: Unarmed           ||    21
       Headbutt          ||     4
 Cast: Beastly Appendage ||     3
Armor: Robe              ||     1
Dodge: Dodged            ||    10
